 Dungeon Crawl Stone Soup version bcrawl-1.40.3b (webtiles) character file.

Game seed: 2738764697936348375

151473 rumpelstilzz the Stinger (level 5, -1/33 HPs)
             Began as an Octopode Venom Mage on Jan 14, 2024.
             Slain by a water moccasin zombie (3 damage)
             ... on level 4 of the Dungeon.
             The game lasted 00:06:10 (2919 turns).

rumpelstilzz the Stinger (Octopode Venom Mage)      Turns: 2919, Time: 00:06:11

Health: -1/33      AC:  1    Str:  9    XL:     5   Next: 96%
Magic:  9/9        EV: 13    Int: 17    God:
Gold:   233        SH:  0    Dex: 12    Spells: 1/9 levels left

rFire    . . .     GDR:     24% a - +0 short sword
rCold    . . .     SeeInvis .   (no shield)
rNeg     . . .     Gourm    .   (helmet restricted)
rPois    .         Faith    .   (cloak restricted)
rElec    .         Spirit   .   (no amulet)
rCorr    .         Reflect  .   (no ring)
MR       .....                  (no ring)
Stlth    +++.......             (no ring)
HPRegen  0.15/turn              (no ring)
MPRegen  0.11/turn              (no ring)
                                (no ring)
                                (no ring)
                                (no ring)

@: no status effects
A: almost no armour, stealthy swim, resist paralysis, amphibious, 8 rings,
constrict 8, camouflage 1, gelatinous body 1
a: no special abilities


You were on level 4 of the Dungeon.
You were hungry.

You visited 1 branch of the dungeon, and saw 4 of its levels.

You collected 233 gold pieces.

Inventory:

Hand Weapons
 a - a +0 short sword (weapon)
Jewellery
 o - a cursed ring of insulation {unknown}
 p - a +5 ring of intelligence {unknown}
Wands
 n - a wand of flame (6)
Scrolls
 f - 2 scrolls of teleportation {unknown}
 i - 4 scrolls of identify
 k - a scroll of blinking {unknown}
 l - a scroll of amnesia {unknown}
 m - a scroll of fear {unknown}
Potions
 b - a potion of berserk rage
 c - a potion of degeneration
 d - a potion of mutation {unknown}
 g - a potion of invisibility {unknown}
 h - 3 potions of lignification {unknown}
 j - a potion of might {unknown}
Comestibles
 e - 6 rations {!d}


   Skills:
 * Level 1.1 Fighting
 + Level 1.6 Short Blades
 * Level 2.5 Dodging
 + Level 3.9 Stealth
 + Level 0.5 Unarmed Combat
 * Level 2.9 Spellcasting
 + Level 2.1 Conjurations
 + Level 0.7 Summonings
 + Level 0.4 Transmutations
 + Level 0.5 Fire Magic
 + Level 4.6 Poison Magic


You had one spell level left.
You knew the following spells:

 Your Spells              Type           Power        Failure   Level  Hunger
a - Sting                 Conj/Pois      ##..         4%          1    None
b - Ignite Poison         Fire/Tmut/Pois #.......     24%         3    ####...
c - Summon Scorpions      Summ/Pois      ##......     52%         4    #####..

Your spell library contained the following spells:

 Spells                   Type           Power        Failure   Level  Hunger
 Poisonous Vapours        Pois/Air       ##....       11%         2    #......
 Olgreb's Toxic Radiance  Pois           ###......    26%         4    #####..
 Venom Bolt               Conj/Pois      ##........   77%         5    #######


Dungeon Overview and Level Annotations

Branches:
Dungeon (4/12)
 Temple: D:4-7

Altars:


Innate Abilities, Weirdness & Mutations

You cannot wear most types of armour.
You are very stealthy in the water. (Stealth+)
Your unusual nervous system resists paralysis.
You are amphibious.
You can wear up to eight rings at the same time.
You can use your tentacles to constrict eight enemies at once.
Your skin changes colour to match your surroundings (Stealth+).
Your rubbery body absorbs attacks. (AC +1, EV +1)


Message History

Your grab misses the water moccasin zombie.
The water moccasin zombie bites you. The worm barely misses you.
You are feeling hungry.
You hit the water moccasin zombie but do no damage.
You grab the water moccasin zombie.
You constrict the water moccasin zombie.
The water moccasin zombie bites you. The worm misses you.
You hit the water moccasin zombie.
The water moccasin zombie is lightly damaged.
You constrict the water moccasin zombie.
The water moccasin zombie bites you!
* * * LOW HITPOINT WARNING * * *
The water moccasin zombie bites you.
* * * LOW HITPOINT WARNING * * *
You hit the water moccasin zombie.
You squeeze the water moccasin zombie, but do no damage.
The water moccasin zombie is moderately damaged.
You constrict the water moccasin zombie.
The water moccasin zombie bites you.
You die...

##. #.# . ..
#.# ..#.. #.#
..... #.# #####
.......>.......
###...#.#......
.............#
#Z# #@# #..w#
##... #....
#..... ####+#+


You could see a worm and a water moccasin zombie.

Vanquished Creatures
  Natasha (D:4)
  4 gnolls (D:2)
  7 adders
  3 worms
  6 dart slugs
  2 leopard geckos
  An orc (D:3)
  A ball python (D:2)
  3 giant cockroaches
  11 hobgoblins
  5 jackals
  3 quokkas
  8 bats
  3 frilled lizards
  6 goblins
  4 kobolds
  4 rats
72 creatures vanquished.

Notes
Turn   | Place    | Note
-------+----------+-------------------------------------------
     0 | D:1      | rumpelstilzz the Octopode Venom Mage began the quest for
                  | the Orb.
     0 | D:1      | Reached XP level 1. HP: 11/11 MP: 3/3
    78 | D:1      | Reached XP level 2. HP: 14/17 MP: 3/5
    98 | D:1      | Reached skill level 4 in Poison Magic
   349 | D:1      | Reached XP level 3. HP: 21/21 MP: 1/6
  1138 | D:2      | Reached XP level 4. HP: 27/27 MP: 7/7
  1148 | D:2      | Reached skill level 1 in Short Blades
  1400 | D:2      | Learned a level 3 spell: Ignite Poison
  1405 | D:2      | Learned a level 4 spell: Summon Scorpions
  1571 | D:2      | Reached XP level 5. HP: 32/32 MP: 9/9
  2482 | D:3      | Reached skill level 1 in Fighting
  2907 | D:4      | Noticed Natasha
  2914 | D:4      | Killed Natasha
  2919 | D:4      | Slain by a water moccasin zombie

Skill      XL: |  1  2  3  4  5 |
---------------+----------------+-----
Poison Magic   | 4 |  4.6
Short Blades   | 1 |  1.6
Conjurations   | 2 |  2.1
Fighting       | 1 |  1.1
Dodging        | |  2.5
Stealth        | |  3.9
Unarmed Combat | |  0.5
Spellcasting   | |  2.9
Summonings     | |  0.7
Transmutations | |  0.4
Fire Magic     | |  0.5

Action                   |  1- 3 |  4- 6 || total
-------------------------+-------+-------++-------
Melee: Unarmed           |     2 |       ||     2
       Short sword       |    33 |    85 ||   118
       Constrict         |     8 |    20 ||    28
       Tentacles         |     6 |    19 ||    25
 Cast: Sting             |    29 |    33 ||    62
 Stab: Sleeping          |     5 |     5 ||    10
  Eat: Chunk             |     2 |     8 ||    10
Armor: Skin              |       |     5 ||     5
Dodge: Dodged            |    25 |    60 ||    85
